 Dungeon Crawl Stone Soup version 0.19.3-1-g3169bf9 (webtiles) character file.

5725 galech the Basher (level 10, -4/163 HPs)
             Began as an Ogre Fighter on Jan 25, 2017.
             Was a Priest of Makhleb.
             Slain by a fire elemental (7 damage)
             ... summoned by a deep elf mage
             ... in a bailey.
             The game lasted 00:27:42 (9521 turns).

galech the Basher (Ogre Fighter)                    Turns: 9521, Time: 00:27:43

Health: -4/163     AC: 32    Str: 24    XL:     10   Next: 77%
Magic:  10/10      EV:  1    Int:  7    God:    Makhleb [***...]
Gold:   495        SH: 10    Dex:  9    Spells: 0 memorised, 9 levels left

rFire  . . .     SeeInvis .     L - +1 morningstar (protect)
rCold  + . .     Gourm    .     (armour currently unavailable)
rNeg   + + +     Faith    .     c - +0 shield
rPois  +         Spirit   .     (helmet currently unavailable)
rElec  .         Reflect  .     (cloak currently unavailable)
rCorr  .         Harm     +     (gloves unavailable)
MR     +....     NoTele   +     (boots unavailable)
Stlth  +.........               j - amulet of harm
                                E - ring of protection from cold
                                B - ring of flight

@: liquid flames, tree-form, protection aura, glowing
A: unfitting armour, (shaggy fur 0), (tough skin 0), weak 1
a: Minor Destruction, Lesser Servant of Makhleb, Renounce Religion


You were in a bailey.
You worshipped Makhleb.
Makhleb was most pleased with you.
You were not hungry.
You were a tree.
You visited 2 branches of the dungeon, and saw 9 of its levels.
You also visited: Sewer and Bailey.

You collected 495 gold pieces.

Inventory:

Hand Weapons
 y - a +0 giant club
 L - a +1 morningstar of protection (weapon)
 N - a +0 giant spiked club
Armour
 b - a +0 robe (melded)
 c - a +0 shield (worn)
 l - a +2 cloak (melded)
Jewellery
 j - an amulet of harm (around neck)
 B - a ring of flight (left branch)
 E - a ring of protection from cold (right branch)
Wands
 C - a wand of iceblast (8/15)
 J - a wand of lightning (2/15)
Scrolls
 a - a scroll of random uselessness
 e - 3 scrolls of noise
 g - 2 scrolls of immolation
 p - a scroll of amnesia
 q - 5 scrolls of remove curse
 r - a scroll of enchant weapon
 t - 4 scrolls of teleportation
 A - a scroll of identify
 D - 2 scrolls of enchant armour
Potions
 d - a potion of might
 m - a potion of curing
 o - a potion of haste {unknown}
 s - 6 potions of degeneration
 u - 2 potions of heal wounds {unknown}
 v - 3 potions of agility {unknown}
 w - 2 potions of ambrosia {unknown}
 x - a potion of brilliance {unknown}
 z - 5 potions of flight {unknown}
 I - 3 potions of cancellation {unknown}
 M - a potion of magic {unknown}
Books
 F - a book of Maledictions

   Spells                             Type                      Level
   a - Corona                         Hexes                        1
   b - Ensorcelled Hibernation        Hexes/Ice                    2
   c - Confuse                        Hexes                        3
   d - Tukima's Dance                 Hexes                        3
   e - Dazzling Spray                 Conjuration/Hexes            3
 H - a book of Necromancy

   Spells                             Type                      Level
   a - Pain                           Necromancy                   1
   b - Animate Skeleton               Necromancy                   1
   c - Vampiric Draining              Necromancy                   3
   d - Regeneration                   Charms/Necromancy            3
   e - Animate Dead                   Necromancy                   4
   f - Control Undead                 Necromancy                   4
Comestibles
 f - 4 bread rations
 h - 6 fruits
 i - 4 meat rations
 G - a slice of pizza


   Skills:
 + Level 9.7 Fighting
 + Level 12.6 Maces & Flails
 + Level 7.0 Dodging
 + Level 2.5 Stealth
 + Level 6.9 Shields


You had 9 spell levels left.
You didn't know any spells.

Dungeon Overview and Level Annotations

Branches:
Dungeon (8/15)             Temple (1/1) D:4
   Lair: D:8-11

Altars:
Ashenzari
Cheibriados
Dithmenos
Elyvilon
Fedhas
Gozag
Hepliaklqana
Kikubaaqudgha
Makhleb
Nemelex Xobeh
Okawaru
Qazlal
Ru
Sif Muna
Trog
Uskayaw
Vehumet
Xom
Yredelemnul
Zin
The Shining One

Shops:
D:5 *


Innate Abilities, Weirdness & Mutations

You are too large for most types of armour.
((You have tough skin. (AC +1)))
((You are covered in fur. (AC +1)))
You are weak. (Str -2)


Message History

* * * LOW HITPOINT WARNING * * *
The deep elf mage hits you but does no damage.
You barely miss the deep elf mage.
The deep elf mage is lightly wounded.
You are covered in liquid flames!
* * * LOW HITPOINT WARNING * * *
The deep elf mage casts a spell.
It was a potion of lignification.
You turn into a tree.
Your +2 cloak melds into your body.
Your +0 robe melds into your body.
Your roots penetrate the ground.
You are covered in liquid flames!
* * * LOW HITPOINT WARNING * * *
The deep elf mage hits you but does no damage.
You block the deep elf mage's attack. You block the fire elemental's attack.
You sock the deep elf mage!
The deep elf mage is heavily wounded.
You are covered in liquid flames!
* * * LOW HITPOINT WARNING * * *
The fire elemental hits you. The fire elemental burns you!
You die...

#....#....##
#####'#####
##....#....#
#..... .....#
#..... .....#
#...§. .....#
##..E###...##
.###e#####.
§. #♣..# e.
#.eE..#
#..∩..#
##...## #####


You could see 2 deep elf magi and 2 fire elementals.

Vanquished Creatures
  5 deep elf magi (Bailey)
  Joseph (D:8)
  A hippogriff (D:6)
  2 orc warriors
  2 sky beasts (D:7)
  5 ogres
  3 centaurs
  6 bullfrogs
  A wyvern skeleton (D:6)
  A scorpion (D:5)
  12 killer bees
  2 crimson imps
  A quasit (D:8)
  A howler monkey (D:4)
  A bullfrog zombie (D:5)
  10 orc wizards
  2 orc priests
  2 hounds
  4 jellies
  A bullfrog skeleton (D:4)
  4 iguanas
  3 worker ants
  2 hound skeletons
  9 adders
  4 gnolls
  2 shadow imps
  6 oozes (Sewer)
  An adder zombie (D:5)
  An adder skeleton (D:4)
  6 worms
  2 dart slugs
  9 leopard geckos
  32 orcs
  4 giant cockroaches
  13 goblins
  4 hobgoblins
  10 jackals
  6 kobolds
  4 quokkas
  A ball python (Sewer)
  11 bats
  6 frilled lizards
  2 leopard gecko skeletons
  A leopard gecko zombie (D:7)
  11 rats
217 creatures vanquished.

Notes
Turn   | Place    | Note
-------+----------+-------------------------------------------
     0 | D:1      | galech the Ogre Fighter began the quest for the Orb.
     0 | D:1      | Reached XP level 1. HP: 24/24 MP: 1/1
    99 | D:1      | Reached XP level 2. HP: 28/32 MP: 2/2
   288 | D:1      | Reached skill level 3 in Maces & Flails
   353 | D:1      | Reached XP level 3. HP: 38/40 MP: 3/3
   704 | D:1      | Found a deep blue altar of Sif Muna.
  1154 | D:2      | Reached XP level 4. HP: 19/49 MP: 4/4
  1991 | D:3      | Reached skill level 4 in Maces & Flails
  2913 | D:4      | Reached XP level 5. HP: 52/55 MP: 5/5
  2937 | D:4      | Found a staircase to the Ecumenical Temple.
  2971 | D:4      | Noticed an ogre
  2980 | D:4      | Killed an ogre
  2980 | D:4      | Reached skill level 5 in Fighting
  2980 | D:4      | Reached skill level 5 in Maces & Flails
  2980 | D:4      | Reached XP level 6. HP: 51/66 MP: 6/6
  3036 | D:4      | Found a glowing drain.
  3068 | Sewer    | Entered a sewer
  3986 | D:4      | Reached skill level 6 in Maces & Flails
  4130 | D:4      | Reached XP level 7. HP: 61/72 MP: 7/7
  4508 | D:5      | Entered Level 5 of the Dungeon
  4549 | Temple   | Entered the Ecumenical Temple
  4617 | Temple   | Became a worshipper of Makhleb the Destroyer
  5008 | D:5      | Reached skill level 7 in Maces & Flails
  5075 | D:5      | Found Micwuem's Assorted Antiques.
  5506 | D:5      | Reached XP level 8. HP: 73/83 MP: 8/8
  5761 | D:5      | Reached * piety under Makhleb
  5761 | D:5      | Reached skill level 8 in Maces & Flails
  6060 | D:6      | Found a bloodstained altar of Trog.
  6141 | D:5      | Reached skill level 5 in Shields
  6710 | D:7      | Reached skill level 9 in Maces & Flails
  6714 | D:7      | Reached skill level 5 in Dodging
  6874 | D:7      | Noticed a hippogriff
  6917 | D:6      | Killed a hippogriff
  7067 | D:7      | Reached XP level 9. HP: 94/94 MP: 9/9
  7393 | D:6      | Reached skill level 1 in Stealth
  7907 | D:6      | Reached skill level 10 in Maces & Flails
  8188 | D:7      | Gained mutation: Scrolls take you a little longer to read. [mutagenic meat]
  8189 | D:7      | Gained mutation: You are covered in fur. (AC +1) [mutagenic meat]
  8190 | D:7      | Lost mutation: Scrolls take you a little longer to read. [mutagenic meat]
  8191 | D:7      | Gained mutation: You are weak. (Str -2) [mutagenic meat]
  8220 | D:7      | Reached ** piety under Makhleb
  8613 | D:8      | Noticed Joseph
  8632 | D:8      | Killed Joseph
  8634 | D:8      | Reached skill level 11 in Maces & Flails
  8713 | D:8      | Reached XP level 10. HP: 86/107 MP: 10/10
  9136 | D:8      | Found a flagged portal.
  9160 | Bailey   | Entered a bailey
  9225 | Bailey   | Noticed a deep elf mage
  9246 | Bailey   | Killed a deep elf mage
  9416 | Bailey   | Noticed a deep elf mage
  9417 | Bailey   | Noticed a deep elf mage
  9417 | Bailey   | Noticed a deep elf mage
  9417 | Bailey   | Noticed a deep elf mage
  9418 | Bailey   | Noticed a deep elf mage
  9418 | Bailey   | Noticed a deep elf mage
  9431 | Bailey   | Killed a deep elf mage
  9431 | Bailey   | Reached skill level 12 in Maces & Flails
  9449 | Bailey   | Killed a deep elf mage
  9449 | Bailey   | Reached *** piety under Makhleb
  9493 | Bailey   | HP: 4/107 [deep elf mage/bolt of lightning (16)]
  9494 | Bailey   | Killed a deep elf mage
  9507 | Bailey   | Killed a deep elf mage
  9520 | Bailey   | HP: 6/163 [burnt (3)]
  9521 | Bailey   | Slain by a fire elemental

Skill      XL: |  1  2  3  4  5  6  7  8  9 10 |
---------------+-------------------------------+-----
Maces & Flails | 3 4 5 6 7 9 11 12 | 12.6
Dodging        | 3 4 5 6 7 |  7.0
Shields        | 3 4 5 6 |  6.9
Fighting       | 5 6 7 9 |  9.7
Stealth        | 1 2 |  2.5

Action                   |  1- 3 |  4- 6 |  7- 9 | 10-12 || total
-------------------------+-------+-------+-------+-------++-------
Melee: Flail             |   110 |   210 |   242 |       ||   562
       Morningstar       |       |       |    87 |   113 ||   200
  Use: Scroll            |       |     1 |     7 |     1 ||     9
       Potion            |       |       |     2 |     4 ||     6
 Stab: Sleeping          |       |       |     2 |     2 ||     4
  Eat: Chunk             |     1 |    10 |    18 |     3 ||    32
       Fruit             |       |       |     1 |       ||     1
Armor: Robe              |    37 |    72 |   114 |    42 ||   265
       Skin              |       |       |       |     2 ||     2
Dodge: Dodged            |    41 |    89 |   153 |    43 ||   326
Block: Shield            |    59 |   111 |   202 |    64 ||   436
